 Dungeon Crawl Stone Soup version 0.28.0-53-g5a82cb258f (webtiles) character file.

Game seed: 6741406990421226645

1122 cbfl8 the Chopper (level 8, -14/61 HPs)
             Began as a Demonspawn Berserker on Sept 9, 2022.
             Was a Priest of Trog.
             Demolished by an orc
             ... wielding a +1 short sword of distortion
              (18 damage)
             ... on level 4 of the Dungeon.
             The game lasted 00:05:35 (5076 turns).

cbfl8 the Chopper (Demonspawn Berserker)            Turns: 5076, Time: 00:05:37

Health: -14/61     AC:  9    Str: 17    XL:     8   Next: 12%
Magic:  8/8        EV: 10    Int: 10    God:    Trog [***...]
Gold:   138        SH:  0    Dex: 14    Spells: 7/7 levels left

rFire   . . .      SeeInvis .   f - +0 war axe
rCold   . . .      Faith    .   (no shield)
rNeg    . . .      Spirit   .   i - +0 chain mail
rPois   .          Reflect  .   (no helmet)
rElec   .          Harm     .   (no cloak)
rCorr   .          Rampage  .   (no gloves)
Will    .....                   (no boots)
Stlth   ..........              (no amulet)
HPRegen 0.20/turn               (no ring)
MPRegen 0.11/turn               (no ring)

@: on berserk cooldown, slowed, very slow
A: repulsion field 1, demonic guardian 3, demonic touch 2
a: Renounce Religion, Berserk, Trog's Hand


You were on level 4 of the Dungeon.
You worshipped Trog.
Trog was most pleased with you.
You visited 1 branch of the dungeon, and saw 4 of its levels.

You collected 138 gold pieces.

Inventory:

Hand Weapons
 f - a +0 war axe (weapon)
Missiles
 g - a throwing net (quivered)
Armour
 c - a +0 plate armour
 i - a +0 chain mail (worn)
Scrolls
 a - 2 scrolls of identify
Potions
 b - a potion of attraction
 e - 2 potions of ambrosia
 h - a potion of haste
 j - a potion of cancellation


   Skills:
 * Level 4.9 Fighting
 * Level 6.4 Axes
 + Level 3.7 Armour
 * Level 3.4 Dodging
 + Level 1.1 Stealth
 * Level 2.7 Evocations


You had 7 spell levels left.
You didn't know any spells.
Your spell library was empty.

Dungeon Overview and Level Annotations

Branches:
Dungeon (4/15)
 Temple: D:4-7

Altars:
Yredelemnul


Innate Abilities, Weirdness & Mutations

You are surrounded by a mild repulsion field. (EV +2)
A powerful demonic guardian rushes to your aid.
Your touch may inflict irresistible damage on your foes.


Message History

An orc comes into view. It is wielding a +0 war axe.
The goblin hits you but does no damage. The goblin barely misses you.
You barely miss the goblin. The goblin hits you but does no damage.
You closely miss the goblin. The goblin closely misses you.
The goblin hits you with a +0 club.
You hit the goblin but do no damage. You hit the orc.
The goblin hits you but does no damage. The orc hits you with a +0 war axe.
The goblin hits you with a +0 club. The orc closely misses you.
You hit the goblin but do no damage.
You touch the goblin.
You kill the goblin!
Trog accepts your kill.
You hit the orc.
You kill the orc!
Trog accepts your kill.
An orc comes into view. It is wielding a +0 short sword.
The orc hits you but does no damage. Space warps horribly around you!
You barely miss the orc. The orc completely misses you.
Unknown command.
You barely miss the orc.
The orc hits you with a +1 short sword of distortion.
The orc hits you but does no damage. Space warps horribly around you!
Unknown command.
You barely miss the orc. Your touch misses the orc. You slash the orc!
You kill the orc!
Trog accepts your kill. The orc misses you. The orc barely misses you.
Unknown command.
You closely miss the orc.
A goblin comes into view. It is wielding a +0 club.
The orc barely misses you.
The orc hits you with a +1 short sword of distortion.
Space warps around you.
You hit the orc.
The orc is lightly wounded.
The orc hits you with a +1 short sword of distortion.
Space warps horribly around you!!
* * * LOW HITPOINT WARNING * * *
A demonic guardian appears!
The orc hits you but does no damage. Space warps horribly around you!!
You die...

#.##..#####
##.##......#
#.....####.#
#..#######.# #..#
#... #..#####.#
### #.###....# ...
#.##.....###.####.
#......#))@o..g...
#.##.....#3#.#####
#.....#.##)# #
#######.##)#
#.##.# #.....
####.. ###. .


You could see an orc (ally target), a goblin and a friendly sixfirhy (summoned).

Vanquished Creatures
  Pikel (D:4)
  Menkaure (D:4)
  An ogre (D:4)
  4 lemures
  A hound (D:4)
  A bullfrog skeleton (D:4)
  2 orc priests
  A jelly (D:4)
  2 iguanas
  2 orc wizards
  A hound skeleton (D:4)
  Robin (D:4)
  3 adders
  3 dart slugs
  15 orcs
  5 bats
  4 endoplasms
  4 giant cockroaches
  13 goblins
  8 hobgoblins
  3 jackals (D:2)
  7 kobolds
  5 quokkas
  9 ball pythons
  4 frilled lizards
  A jackal skeleton (D:4)
  10 rats
  A spectral goblin (D:3)
113 creatures vanquished.

Vanquished Creatures (collateral kills)
  A hound (D:4)
  An orc wizard (D:4)
  An orc (D:4)
3 creatures vanquished.

Grand Total: 116 creatures vanquished

Notes
Turn   | Place    | Note
-------+----------+-------------------------------------------
     0 | D:1      | cbfl8 the Demonspawn Berserker began the quest for the Orb.
     0 | D:1      | Reached XP level 1. HP: 18/18 MP: 1/1
   131 | D:1      | Reached skill level 3 in Axes
   131 | D:1      | Gained mutation: Your touch may inflict minor irresistible
                  | damage on your foes. [demonic ancestry]
   131 | D:1      | Reached XP level 2. HP: 19/24 MP: 2/2
   793 | D:1      | Gained mutation: You are surrounded by a mild repulsion
                  | field. (EV +2) [demonic ancestry]
   793 | D:1      | Reached XP level 3. HP: 29/29 MP: 3/3
  1338 | D:2      | You fall into a shaft and drop 2 floors!
  1338 | D:4      | Noticed an ogre
  1345 | D:4      | Killed an ogre
  1346 | D:4      | Gained mutation: A weak demonic guardian rushes to your
                  | aid. [demonic ancestry]
  1346 | D:4      | Reached XP level 4. HP: 37/37 MP: 4/4
  1371 | D:4      | Noticed a kobold brigand
  1433 | D:4      | Gained mutation: A demonic guardian rushes to your aid.
                  | [demonic ancestry]
  1433 | D:4      | Reached XP level 5. HP: 22/42 MP: 5/5
  1437 | D:4      | Reached skill level 4 in Axes
  1444 | D:3      | Reached ** piety under Trog
  1578 | D:3      | Found a faded altar of an unknown god.
  1995 | D:3      | Reached skill level 1 in Evocations
  2850 | D:3      | Gained mutation: Your touch may inflict irresistible damage
                  | on your foes. [demonic ancestry]
  2850 | D:3      | Reached XP level 6. HP: 49/49 MP: 6/6
  3310 | D:3      | Reached *** piety under Trog
  3341 | D:3      | Found a basalt altar of Yredelemnul.
  3401 | D:4      | Noticed Menkaure
  3478 | D:4      | Reached skill level 1 in Stealth
  3816 | D:4      | Reached skill level 5 in Axes
  3957 | D:4      | Noticed Pikel
  4263 | D:4      | Killed Pikel
  4264 | D:4      | Reached skill level 6 in Axes
  4264 | D:4      | Reached XP level 7. HP: 55/55 MP: 7/7
  4418 | D:4      | Killed Menkaure
  4419 | D:4      | Gained mutation: A powerful demonic guardian rushes to your
                  | aid. [demonic ancestry]
  4419 | D:4      | Reached XP level 8. HP: 47/61 MP: 8/8
  5048 | D:4      | Noticed Robin
  5055 | D:4      | Killed Robin
  5076 | D:4      | Demolished by an orc

Illustrated notes

Levels and vault maps discovered:
D:1:      onia_arrival_mini_spirals, layout_basic, minmay_hedge_maze
D:2:      layout_basic, hangedman_glass_teeth
D:3:      layout_basic, yredelemnul_altar_generic,
          dreamdust_ecumenical_altar_drowned_temple
D:4:      layout_loops_ring, uniq_robin, uniq_menkaure, uniq_pikel

Skill      XL: |  1  2  3  4  5  6  7 |
---------------+----------------------+-----
Axes           | 3 4 6 |  6.4
Armour         | 2 3 |  3.7
Dodging        | 2 3 |  3.4
Fighting       | 4 |  4.9
Evocations     | 1 2 |  2.7
Stealth        | 1 |  1.1

Action                   |  1- 3 |  4- 6 |  7- 9 || total
-------------------------+-------+-------+-------++-------
Melee: Hand axe          |    60 |    91 |       ||   151
       Touch             |     3 |    29 |     6 ||    38
       War axe           |       |    67 |    36 ||   103
Invok: Berserk           |     1 |     4 |     2 ||     7
  Use: Scroll            |       |     9 |     1 ||    10
       Potion            |       |     2 |       ||     2
 Stab: Distracted        |       |     1 |       ||     1
Armor: Animal skin       |     4 |       |       ||     4
       Scale mail        |     8 |    22 |       ||    30
       Plate armour      |       |    40 |       ||    40
       Chain mail        |       |    40 |    15 ||    55
Dodge: Dodged            |    43 |    99 |    17 ||   159
